 Dungeon Crawl Stone Soup version 0.17.0-23-g0de4337 (console) character file.

114 gw the Cudgeler (level 4, -1/40 HPs)
             Began as a Deep Dwarf Gladiator on Nov 13, 2015.
             Was a Follower of Yredelemnul.
             Slain by a two-headed ogre
             ... wielding a +0 giant club
              (17 damage)
             ... on level 3 of the Dungeon.
             The game lasted 00:03:27 (2575 turns).

gw the Cudgeler (Deep Dwarf Gladiator)              Turns: 2575, Time: 00:03:27

Health: -1/40      AC:  9    Str: 19    XL:     4   Next: 67%
Magic:  5/5        EV: 12    Int:  8    God:    Yredelemnul [*.....]
Gold:   74         SH:  0    Dex: 14    Spells: 0 memorised, 3 levels left

rFire  + . .     SeeInvis .     a - +0 flail
rCold  . . .     Clarity  .     i - +2 ring mail {rF+}
rNeg   . . .     SustAt   .     (no shield)
rPois  .         Gourm    .     c - +0 helmet
rElec  .         Spirit   .     (no cloak)
rCorr  .         Warding  .     (no gloves)
rMut   .         Stasis   .     j - +0 pair of boots
MR     +....                    (no amulet)
Stlth  +.........               (no ring)
                                (no ring)

@: non-regenerating, somewhat resistant to hostile enchantments, very unstealthy
A: damage resistance, recharge devices, magic resistance 1, sense surroundings
1, slow regeneration 3
a: Device Recharging, Animate Remains, Renounce Religion


You were on level 3 of the Dungeon.
You worshipped Yredelemnul.
Yredelemnul was aware of your devotion.
You were very hungry.

You visited 1 branch of the dungeon, and saw 3 of its levels.
You also visited: Sewer.

You collected 74 gold pieces.

Inventory:

Hand Weapons
 a - a +0 flail (weapon)
 b - a +0 arbalest
Missiles
 d - 3 throwing nets
Armour
 c - a +0 helmet (worn)
 i - a +2 ring mail of fire resistance (worn)
 j - a +0 pair of boots (worn)
Wands
 e - a wand of heal wounds (5)
Potions
 g - 2 potions of curing
 h - 4 potions of magic
Comestibles
 f - a bread ration
 k - 2 meat rations
 l - 2 fruits


   Skills:
 + Level 2.6 Fighting
 * Level 4.2 Maces & Flails
 + Level 1.0 Crossbows
 - Level 1.7 Throwing
 + Level 1.5 Armour
 - Level 3.2 Dodging
 + Level 0.6 Invocations
 - Level 1.3 Evocations


You had 3 spell levels left.
You didn't know any spells.

Dungeon Overview and Level Annotations

Branches:
Dungeon (3/15)

Altars:
Elyvilon
Nemelex Xobeh
Yredelemnul


Innate Abilities, Weirdness & Mutations

You are resistant to damage.
You can recharge devices by infusing magical energy.
You passively map a small area around you.
You do not regenerate naturally.
You are resistant to hostile enchantments.


Message History

MOVING TO (-1,0)
There is a stone staircase leading up here.
MOVING TO (5,-7)
You sock the two-headed ogre!
The two-headed ogre is moderately wounded.
The two-headed ogre closely misses you.
The two-headed ogre hits you with a giant club!
MOVING TO (4,-7)
The two-headed ogre hits you with a giant club.
The two-headed ogre hits you with a giant club!
MOVING TO (3,-6) MOVING TO (2,-5) MOVING TO (1,-4) MOVING TO (0,-3) MOVING TO (1,-2) MOVING TO (1,-1)
The two-headed ogre barely misses you.
The two-headed ogre hits you with a giant club!!
You die...
Your body rises from the dead as a mindless zombie.

, ## * , .., ,
################ .#
* .#.............#
.# , *
...###########.##.#
................g.#
*, *
..######.#####.O###
* .### #...## *, ,
.#.## * #....##* ,
. * ....# *
##.....##....,
~#.#####.#
##.............
~#.......#
#<.....$.......
~#.#####.#
##.........>...
~#.# #..#
##............ ,


You could see a two-headed ogre.

Table legend:
 A = Turns spent in this place as a percentage of turns spent in the entire game.
 B = Non-inter-level travel turns spent in this place as a percentage of non-inter-level travel turns spent in the entire game.
 C = Inter-level travel turns spent in this place as a percentage of turns spent in this place.
 D = Turns resting spent in this place as a percentage of non-inter-level travel turns spent in this place.
 E = Turns spent auto-exploring this place as a percentage of non-inter-level travel turns spent in this place.
 F = Non-inter-level travel turns spent in this place divided by the number of levels of this place that you've seen.
                   A       B       C       D       E      F
               +-------+-------+-------+-------+-------+----------------------
         Total | 100.0 | 100.0 |   0.3 |   0.0 |   2.4 | 1135.8
       Dungeon |  71.5 |  71.4 |   0.5 |   0.0 |   2.6 | 1081.3
         Sewer |  28.5 |  28.6 |   0.0 |   0.0 |   2.1 | 1299.0
               +-------+-------+-------+-------+-------+----------------------

Table legend:
 A = Kills in this place as a percentage of kills in entire the game.
 B = Kills by you in this place as a percentage of kills by you in the entire game.
 C = Kills by friends in this place as a percentage of kills by friends in the entire game.
 D = Other kills in this place as a percentage of other kills in the entire game.
 E = Experience gained in this place as a percentage of experience gained in the entire game.
 F = Experience gained in this place divided by the number of levels of this place that you have seen.
                   A       B       C       D       E      F
               +-------+-------+-------+-------+-------+----------------------
         Total | 100.0 | 100.0 |  -nan |  -nan | 100.0 |  41.0
       Dungeon |  69.2 |  69.2 |  -nan |  -nan |  81.7 |  44.7
         Sewer |  30.8 |  30.8 |  -nan |  -nan |  18.3 |  30.0
               +-------+-------+-------+-------+-------+----------------------

Vanquished Creatures
  Jessica (D:2)
  2 adders
  An ooze (D:1)
  A worm (D:3)
  An orc (D:3)
  3 bats
  A giant cockroach (D:2)
  6 hobgoblins
  13 jackals
  5 ball pythons (Sewer)
  2 giant geckos (D:1)
  8 giant newts
  A goblin (D:1)
  10 kobolds
  10 rats
65 creatures vanquished.

Notes
Turn   | Place    | Note
--------------------------------------------------------------
     0 | D:1      | gw the Deep Dwarf Gladiator began the quest for the Orb.
     0 | D:1      | Reached XP level 1. HP: 19/19 MP: 1/1
   306 | D:1      | Reached XP level 2. HP: 15/26 MP: 2/2
   412 | D:1      | Reached skill level 1 in Evocations
   935 | D:2      | Reached XP level 3. HP: 32/32 MP: 4/4
   985 | D:2      | Noticed Jessica
   990 | D:2      | Killed Jessica
   990 | D:2      | Reached skill level 1 in Armour
  1334 | D:2      | Found a sparkling altar of Nemelex Xobeh.
  1369 | D:2      | Reached XP level 4. HP: 32/40 MP: 5/5
  1415 | D:2      | Found a white marble altar of Elyvilon.
  1467 | D:2      | Found a basalt altar of Yredelemnul.
  1475 | D:2      | Became a worshipper of Yredelemnul the Dark
  1561 | D:2      | Reached skill level 4 in Maces & Flails
  1637 | D:2      | Gained mutation: You are resistant to hostile enchantments. [potion of beneficial mutation]
  1770 | D:3      | Found a glowing drain.
  1784 | Sewer    | Entered a sewer
  2159 | Sewer    | Reached * piety under Yredelemnul
  2310 | Sewer    | Reached skill level 1 in Crossbows
  2558 | D:3      | Noticed a two-headed ogre
  2575 | D:3      | Slain by a two-headed ogre

Action                   |  1- 3 |  4- 6 || total
-------------------------+-------+-------++-------
Melee: Flail             |   123 |   141 ||   264
Invok: Animate Remains   |       |     7 ||     7
  Use: Potion            |     3 |     3 ||     6
       Scroll            |       |     3 ||     3
  Eat: Chunk             |     2 |     4 ||     6

Vault maps used:
D:1:      lemuel_arrival_river_ford, serial_glass, glass_columns_b,
          glass_columns_b, glass_columns_a, glass_columns_a, glass_columns_b,
          hex_tiny
D:2:      kennysheep_ying_yang, nemelex_altar_shiori, uniq_jessica
D:3:      nicolae_overflow_hidden_temple, gammafunk_temple_overflow_wave,
          portal_sewer_entry_d, first_bread
Sewer:    sewer_co_scattered_pipes
